 Dungeon Crawl Stone Soup version 0.30-a0-341-g682706514a (webtiles) character file.

Game seed: 8979155056175375187

28 JoshKwa the Firebug (level 2, 0/20 HPs)
             Began as a Draconian Wanderer on Nov 1, 2022.
             Frozen to death by an endoplasm (4 damage)
             ... on level 1 of the Dungeon.
             The game lasted 00:05:53 (443 turns).

JoshKwa the Firebug (Draconian Wanderer)             Turns: 443, Time: 00:05:54

Health: 0/20       AC:  5    Str: 12    XL:     2   Next: 96%
Magic:  1/5        EV: 11    Int: 12    God:
Gold:   32         SH:  0    Dex: 12    Spells: 1/5 levels left

rFire   . . .      SeeInvis .    a - +0 club
rCold   . . .      Faith    .    (no shield)
rNeg    . . .      Spirit   .    (body armour unavailable)
rPois   .          Reflect  .    c - +1 hat
rElec   .          Harm     .    (no cloak)
rCorr   .          Rampage  .    (no gloves)
Will    .....                    (no boots)
Stlth   ++........               (no amulet)
HPRegen 0.23/turn                (no ring)
MPRegen 0.09/turn                (no ring)

@: very slightly contaminated, slowed, very slow
A: AC +4, unfitting armour, cold-blooded
a: no special abilities


You were on level 1 of the Dungeon.
You visited 1 branch of the dungeon, and saw 1 of its levels.

You collected 32 gold pieces.

Inventory:

Hand Weapons
 a - a +0 club (weapon)
Armour
 c - a +1 hat (worn)
Scrolls
 b - a scroll of blinking
 f - a scroll of teleportation {unknown}
 g - a scroll of identify {unknown}
Potions
 d - a potion of curing


   Skills:
 + Level 0.1 Maces & Flails
 + Level 0.4 Dodging
 + Level 3.1 Stealth
 + Level 2.2 Spellcasting
 + Level 2.3 Conjurations
 + Level 3.2 Fire Magic


You had one spell level left.
You knew the following spells:

 Your Spells              Type           Power      Damage    Failure   Level
a - Foxfire               Conj/Fire      32%        2x1d5     9%          1
b - Kiss of Death         Conj/Necr      16%        2d6       17%         1
c - Searing Ray           Conj           12%        2d4       16%         2

Your spell library contained the following spells:

 Spells                   Type           Power      Damage    Failure   Level
 Inner Flame              Hex/Fire       5%         N/A       38%         3
 Portal Projectile        Hex/Tloc       2%         N/A       63%         3
 Tukima's Dance           Hex            1%         N/A       63%         3
 Flame Wave               Conj/Fire      8%         2d5       63%         4
 Passage of Golubria      Tloc           1%         N/A       95%         4
 Blade Hands              Tmut           0%         N/A       100%        5
 Yara's Violent Unravell  Hex/Tmut       0%         3d3       100%        5


Dungeon Overview and Level Annotations

Branches:
Dungeon (1/15)

Altars:


Innate Abilities, Weirdness & Mutations

Your plain brown scales are hard. (AC +4)
You cannot fit into any form of body armour.
You are cold-blooded and may be slowed by cold attacks.


Message History

You miscast Foxfire.
You are very lightly contaminated with residual magic.
Nothing appears to happen.
Casting: Foxfire (safe; 9% risk of failure)
Press: ? - help, Q - select action, (/) - cycle Dir - look around, f - activate You conjure some foxfire!
Your foxfire dissipates!
The foxfire hits the endoplasm.
The endoplasm is heavily wounded.
The endoplasm barely misses you.
Casting: Foxfire (safe; 9% risk of failure)
Press: ? - help, Q - select action, (/) - cycle Dir - look around, f - activate You miscast Foxfire.
Nothing appears to happen.
The endoplasm hits you.
You don't have enough magic to cast this spell.
Okay, then.
Okay, then.
As you read the scroll labelled RYV BUSETUU, it crumbles to dust.
It is a scroll of enchant armour.
Your +0 hat glows green for a moment.
The endoplasm freezes you.
You are frozen.
You feel yourself slow down.
You completely miss the endoplasm.
The endoplasm is heavily wounded.
The endoplasm freezes you.
You are frozen.
You feel as though you will be slow longer.
You barely miss the endoplasm.
The endoplasm is heavily wounded.
The endoplasm freezes you.
You are frozen.
The endoplasm freezes you.
You are frozen.
* * * LOW HITPOINT WARNING * * *
You feel as though you will be slow longer.
The endoplasm attacks as you move away! The endoplasm hits you.
* * * LOW HITPOINT WARNING * * *
The endoplasm freezes you.
You are frozen.
You die...

### #. #......ยง
##.###...####
.##...........
..............
............... ###.
######.#.#### #..
#.###.... #.# #.# #.##
#@### ## #.##
##J#.#### #.# #
#...#...# ##.#
#.#..###..####..##
#.#.## ##........# ..#
##.....#.#### #.#.#
##..##.......#
...#..###...###.#.##.#
###
#...#..........##..


You could see an endoplasm.

Vanquished Creatures
  A dart slug (D:1)
  A bat (D:1)
  5 endoplasms (D:1)
  A giant cockroach (D:1)
  4 goblins (D:1)
  4 kobolds (D:1)
  A quokka (D:1)
  2 ball pythons (D:1)
  A frilled lizard (D:1)
  2 rats (D:1)
22 creatures vanquished.

Vanquished Creatures (others)
  30 foxfires (D:1)
30 creatures vanquished.

Grand Total: 52 creatures vanquished

Notes
Turn   | Place    | Note
-------+----------+-------------------------------------------
     0 | D:1      | JoshKwa the Draconian Wanderer began the quest for the Orb.
     0 | D:1      | JoshKwa set off with the following items: a +0 club, a
                  | scroll of blinking, a +0 hat; and the following spells
                  | available to memorise: Foxfire, Kiss of Death, Searing Ray,
                  | Inner Flame, Flame Wave.
     0 | D:1      | Reached XP level 1. HP: 14/14 MP: 3/3
     2 | D:1      | Learned a level 1 spell: Foxfire
     4 | D:1      | Learned a level 1 spell: Kiss of Death
   153 | D:1      | Reached XP level 2. HP: 20/20 MP: 0/5
   382 | D:1      | Learned a level 2 spell: Searing Ray
   443 | D:1      | Frozen to death by an endoplasm

Illustrated notes

Levels and vault maps discovered:
D:1:      amcnicky_arrival_feature_with_door, layout_loops_cross

Skill      XL: |  1  2 |
---------------+-------+-----
Stealth        | 3 |  3.1
Maces & Flails | |  0.1
Dodging        | |  0.4
Spellcasting   | |  2.2
Conjurations   | |  2.3
Fire Magic     | |  3.2

Action                   || total
-------------------------++-------
Melee: Club              ||    34
       Tailslap          ||     3
 Cast: Foxfire           ||    25
  Use: Scroll            ||     1
       Potion            ||     1
Armor: Skin              ||    12
Dodge: Dodged            ||    22

Table legend: (Time is in decaauts)
 A = Elapsed time spent in this place.
 B = Non-inter-level travel time spent in this place.
 C = Inter-level travel time spent in this place.
 D = Time resting spent in this place.
 E = Time spent auto-exploring this place.
 F = Levels seen in this place.
 G = Mean time per level.
                   A        B        C        D        E       F      G
               +--------+--------+--------+--------+--------+-----+--------+
         Total |    454 |    454 |      0 |      0 |      0 |   1 |  454.0 |
       Dungeon |    454 |    454 |      0 |      0 |      0 |   1 |  454.0 |
               +--------+--------+--------+--------+--------+-----+--------+

Top non-repeatable levels by time:
     D:1: 454 daAuts
